 Dungeon Crawl Stone Soup version 0.27.1-35-g4d5d836560 (console) character file.

Game seed: 17707791278017988343

111 Banquo the Shield-Bearer (level 5, -3/41 HPs)
             Began as a Formicid Fighter on Feb 26, 2022.
             Was a Priest of Elyvilon.
             Killed by nerve-wracking pain
             ... invoked by Grinder
              (14 damage)
             ... on level 3 of the Dungeon.
             The game lasted 00:06:13 (2963 turns).

Banquo the Shield-Bearer (Formicid Fighter)         Turns: 2963, Time: 00:06:14

Health: -3/41      AC: 11    Str: 22    XL:     5   Next: 15%
Magic:  6/6        EV:  6    Int:  7    God:    Elyvilon [***...]
Gold:   139        SH:  9    Dex: 10    Spells: 4/4 levels left

rFire    . . .     SeeInvis +   a - +0 war axe
rCold    . . .     Faith    .   c - +0 kite shield
rNeg     . . .     Spirit   .   g - +0 chain mail
rPois    .         Reflect  .   (helmet unavailable)
rElec    .         Harm     .   e - +0 cloak
rCorr    .         Rampage  .   (no gloves)
Will     .....                  h - +0 pair of boots
Stlth    ..........             (no amulet)
HPRegen  0.13/turn              (no ring)
MPRegen  0.10/turn              (no ring)

@: no status effects
A: permanent stasis, dig shafts and tunnels, antennae 3, four strong arms
a: Dig, Shaft Self, Renounce Religion, Lesser Healing, Heal Other, Purification,
Divine Protection


You were on level 3 of the Dungeon.
You worshipped Elyvilon.
Elyvilon was most pleased with you.
You visited 1 branch of the dungeon, and saw 3 of its levels.

You collected 139 gold pieces.

Inventory:

Hand Weapons
 a - a +0 war axe (weapon)
 f - a +2 whip of flaming
Missiles
 j - 52 stones
 n - 3 poisoned darts
Armour
 b - a +0 scale mail
 c - a +0 kite shield (worn)
 e - a +0 cloak (worn)
 g - a +0 chain mail (worn)
 h - a +0 pair of boots (worn)
Scrolls
 m - a scroll of fog {unknown}
 o - 3 scrolls of identify {unknown}
 p - a scroll of amnesia {unknown}
 s - a scroll of magic mapping {unknown}
 t - a scroll of blinking {unknown}
 u - 3 scrolls of noise {unknown}
 v - a scroll of teleportation {unknown}
Potions
 d - 3 potions of might
 i - a potion of degeneration {unknown}
 k - a potion of invisibility {unknown}
 l - a potion of haste {unknown}
 q - 2 potions of resistance {unknown}
 r - 2 potions of curing {unknown}


   Skills:
 + Level 3.4 Fighting
 * Level 3.7 Axes
 + Level 3.5 Armour
 + Level 0.3 Dodging
 + Level 4.1 Shields
 * Level 2.1 Invocations


You had 4 spell levels left.
You didn't know any spells.
Your spell library was empty.

Dungeon Overview and Level Annotations

Branches:
Dungeon (3/15)

Altars:
Elyvilon
Gozag
Sif Muna

Shops:
D:2 (

Annotations:
D:3 Grinder


Innate Abilities, Weirdness & Mutations

You cannot be hasted, slowed, berserked, paralysed or teleported.
You can dig through walls and to a lower floor.
You have a pair of large antennae on your head. (SInv)
Your four strong arms can wield two-handed weapons with a shield.


Message History

You see here a +0 hand axe.
You extend your mandibles.
You dig through the rock wall.
You dig through the rock wall.
You dig through the rock wall.
You start waiting.
Done waiting.
You retract your mandibles.
Grinder shouts!
Unknown command.
You slash Grinder!
Grinder is moderately wounded.
Grinder hits you.
You writhe in agony.
Grinder barely misses you.
You closely miss Grinder.
Grinder is moderately wounded.
You block Grinder's attack.
You slash Grinder!
Grinder is heavily wounded.
Grinder hits you. Grinder closely misses you.
You closely miss Grinder.
Grinder is heavily wounded.
Grinder gestures at you. You resist with significant effort.
You slash Grinder!
Grinder is severely wounded.
Grinder says, "Mostly I couldn't keep them alive."
Grinder hits you.
You writhe in agony.
You hit Grinder.
Grinder is severely wounded.
Grinder hits you.
You writhe in agony.
* * * LOW HITPOINT WARNING * * *
You barely miss Grinder.
Grinder is severely wounded.
Grinder gestures at you.
Your stasis prevents you from being paralysed.
You hit Grinder.
Grinder is almost dead.
Grinder gestures at you. Pain shoots through your body!
You die...

##≈≈{8.8≈≈≈###.####
#..≈≈≈
##≈≈{..≈≈##......#
#..≈≈≈
###8.8###..####.#
#..≈≈≈ #.[.#...##
#.####..≈≈≈
#8.8#.###
#....#.....
##....##
###.#####.# #####.#
#.#####.# #5##
#.......# ##@#
######### ###


You could see Grinder.

Vanquished Creatures
  An iguana (D:3)
  An orc wizard (D:3)
  An adder (D:1)
  3 dart slugs
  2 orcs (D:3)
  4 endoplasms
  6 goblins
  2 hobgoblins
  4 kobolds
  3 quokkas
  7 ball pythons
  4 bats
  3 frilled lizards
  3 rats
44 creatures vanquished.

Notes
Turn   | Place    | Note
-------+----------+-------------------------------------------
     0 | D:1      | Banquo the Formicid Fighter began the quest for the Orb.
     0 | D:1      | Reached XP level 1. HP: 18/18 MP: 1/1
   130 | D:1      | Reached XP level 2. HP: 24/24 MP: 2/2
   427 | D:1      | Found a faded altar of an unknown god.
   449 | D:1      | Became a worshipper of Elyvilon the Healer
   449 | D:1      | Reached * piety under Elyvilon
   577 | D:1      | Reached XP level 3. HP: 29/29 MP: 3/3
   713 | D:1      | Reached skill level 1 in Invocations
   759 | D:1      | Reached ** piety under Elyvilon
  1277 | D:1      | Reached XP level 4. HP: 9/35 MP: 2/5
  1595 | D:2      | Found Qyodimei's Antique Weapon Shop.
  1878 | D:3      | Reached skill level 4 in Shields
  2036 | D:3      | Found an opulent altar of Gozag.
  2147 | D:3      | Noticed Grinder
  2340 | D:3      | Reached *** piety under Elyvilon
  2355 | D:3      | Found a shimmering blue altar of Sif Muna.
  2363 | D:3      | Reached XP level 5. HP: 41/41 MP: 6/6
  2963 | D:3      | Killed from afar by Grinder

Illustrated notes

Levels and vault maps discovered:
D:1:      eino_arrival_water_star, layout_rooms,
          ebering_ecumenical_altar_abandoned, corexii_leaking_fountain,
          minmay_misc_feat_rugged, minmay_octomino_c4
D:2:      layout_rooms, serial_shops, shop_fountains, st_stairs_2
D:3:      wander_river, layout_basic, old_standard_altar,
          kennysheep_orc_sif_temple, uniq_grinder

Skill      XL: |  1  2  3  4 |
---------------+-------------+-----
Axes           | 3 |  3.7
Invocations    | 1 2 |  2.1
Shields        | 4 |  4.1
Fighting       | |  3.4
Armour         | |  3.5
Dodging        | |  0.3

Action                   |  1- 3 |  4- 6 || total
-------------------------+-------+-------++-------
Melee: War axe           |    32 |    60 ||    92
       Whip              |    49 |       ||    49
Invok: Lesser Healing    |     2 |       ||     2
 Abil: Dig               |     1 |     4 ||     5
Armor: Scale mail        |    15 |       ||    15
       Chain mail        |    37 |    15 ||    52
Dodge: Dodged            |    27 |    15 ||    42
Block: Kite shield       |    50 |    27 ||    77
